 Dungeon Crawl Stone Soup version 0.31-a0-1620-gcbf77bbcfc (webtiles) character file.

Game seed: 17681142181424261334

3041 Ivernyr the Blocker (level 10, -1/80 HPs)
             Began as a Formicid Fighter on Jan 11, 2024.
             Was an Elder of Zin.
             Slain by a vampire (4 damage)
             ... on level 9 of the Dungeon.
             The game lasted 00:10:35 (7418 turns).

Ivernyr the Blocker (Formicid Fighter)              Turns: 7418, Time: 00:10:36

Health: -1/80      AC: 10    Str: 25    XL:     10   Next: 11%
Magic:  13/13      EV:  9    Int:  8    God:    Zin [****..]
Gold:   451        SH:  0    Dex: 13    Spells: 9/9 levels left

rFire   . . .        a - +0 quarterstaff
rCold   + . .        c - +0 buckler
rNeg    . . .        b - +0 scale mail
rPois   +            (helmet unavailable)
rElec   .            (no cloak)
rCorr   .            (no gloves)
SInv    +            h - +1 pair of boots
Will    +....        (no amulet) Stlth
                     A - ring of protection from cold
HPRegen 0.33/turn    B - ring of poison resistance
MPRegen 0.13/turn

%: no passive effects
@: confused, mighty
A: permanent stasis, dig shafts and tunnels, antennae 3, four strong arms
a: Dig, Shaft Self, Renounce Religion, Recite, Vitalisation, Imprison, Donate
Gold


You were on level 9 of the Dungeon.
You worshipped Zin.
Zin was greatly pleased with you.
You visited 2 branches of the dungeon, and saw 10 of its levels.

You collected 501 gold pieces.
You donated 50 gold pieces to Zin.

Inventory:

Hand Weapons
 a - a +0 quarterstaff (weapon)
Missiles
 s - 3 throwing nets
Armour
 b - a +0 scale mail (worn)
 c - a +0 buckler (worn)
 h - a +1 pair of boots (worn)
Jewellery
 A - a ring of protection from cold (left hand)
 B - a ring of poison resistance (right hand)
 C - a ring of protection from fire
Wands
 w - a wand of flame (35)
 x - a wand of digging (5)
Scrolls
 k - 6 scrolls of teleportation {unknown}
 m - 3 scrolls of vulnerability {unknown}
 n - 5 scrolls of identify {unknown}
 p - a scroll of poison {unknown}
 r - 2 scrolls of enchant weapon {unknown}
 t - 4 scrolls of immolation {unknown}
 u - a scroll of fog {unknown}
 v - a scroll of blinking {unknown}
 y - a scroll of enchant armour {unknown}
 z - a scroll of amnesia {unknown}
 D - a scroll of revelation {unknown}
Potions
 d - 2 potions of might
 e - 7 potions of curing {unknown}
 f - a potion of haste {unknown}
 g - 2 potions of lignification {unknown}
 i - a potion of berserk rage {unknown}
 j - a potion of degeneration {unknown}
 l - 4 potions of heal wounds {unknown}
 o - 2 potions of invisibility {unknown}
 q - a potion of magic {unknown}


   Skills:
 + Level 7.7 Fighting
 + Level 6.6 Staves
 + Level 7.7 Armour
 + Level 9.2 Shields
 + Level 4.8 Invocations


You had 9 spell levels left.
You didn't know any spells.
Your spell library contained the following spells:

 Spells                   Type           Power      Damage    Failure   Level
 Apportation              Tloc           0%         N/A       71%         1
 Necrotise                Necr           0%         1d4       71%         1
 Shock                    Conj/Air       0%         1d3       71%         1
 Sting                    Conj/Alch      0%         1d3       71%         1
 Summon Small Mammal      Summ           0%         N/A       71%         1
 Lesser Beckoning         Tloc           0%         N/A       85%         2
 Momentum Strike          Conj/Tloc      0%         3d8       85%         2
 Gell's Gravitas          Tloc           0%         N/A       97%         3
 Teleport Other           Tloc           0%         N/A       97%         3
 Airstrike                Air            0%         2d(0-16)  100%        4
 Animate Dead             Necr           0%         N/A       100%        4
 Borgnjor's Vile Clutch   Necr/Erth      0%         N/A       100%        5
 Death Channel            Necr           0%         N/A       100%        6
 Dispersal                Tloc           0%         N/A       100%        6
 Blink                    Tloc           Unusable   N/A       N/A         2
 Swiftness                Air            Unusable   N/A       N/A         3

Dungeon Overview and Level Annotations

Branches:
Dungeon (9/15)             Temple (1/1) D:4
   Lair: D:8-11         Orc: D:9-12

Altars:
Ashenzari
Cheibriados
Fedhas
Gozag
Hepliaklqana
Kikubaaqudgha
Makhleb
Nemelex Xobeh
Okawaru
Qazlal
Ru
Sif Muna
Trog
Uskayaw
Vehumet
Wu Jian
Xom
Yredelemnul
Zin
The Shining One

Shops:
D:8 (


Innate Abilities, Weirdness & Mutations

You cannot be hasted, slowed, berserked, paralysed or teleported.
You can dig through walls and to a lower floor.
You have a pair of large antennae on your head. (SInv)
Your four strong arms can wield two-handed weapons with a shield.


Message History

You hit the orc wizard but do no damage.
The orc wizard is almost dead.
The orc wizard points at you and mumbles some strange words.
You easily resist.
You hit the orc wizard.
The orc wizard is almost dead.
You block the orc wizard's attack.
The orc priest invokes the aid of Beogh against you.
Beogh smites you!
You hit the orc wizard.
You kill the orc wizard!
The orc priest invokes the aid of Beogh against you.
Beogh smites you!
You feel very mighty all of a sudden.
The orc priest looks encouraged for a moment.
You block the vampire's attack. x2
You thump the vampire!
The vampire is moderately damaged.
The vampire hits you but does no damage.
The vampire bites you but does no damage.
You hit the vampire.
The vampire is moderately damaged.
The orc priest calls down the wrath of Beogh upon you.
Beogh smites you!
* * * LOW HITPOINT WARNING * * *
The vampire hits you.
* * * LOW HITPOINT WARNING * * *
The vampire bites you but does no damage.
You closely miss the vampire.
The vampire is moderately damaged.
The vampire casts a spell at you.
You are confused.
Unknown command.
You hit the vampire.
The vampire is heavily damaged.
The orc priest invokes the aid of Beogh against you.
Beogh smites you!
* * * LOW HITPOINT WARNING * * *
The vampire hits you.
You die...

#..##.#
#..##.#....!.
#..##.#.....
#..##.#....
#..##.#...
#..##.#..
#.....#.#
#.#####.# #####
#..@VZo.#......
#######..#
#.....#
......#...#
......#{.Vo.
..... .###...
..... P ''##
#### P ,..P ..


.PP You could see a vampire (invisible), an orc priest and a centaur warrior
zombie.

Vanquished Creatures
  Sigmund (D:6)
  A steam dragon (D:6)
  A water moccasin (D:7)
  3 sky beasts (D:7)
  An ice beast (D:7)
  2 black bears
  2 phantoms (D:4)
  A bullfrog (D:7)
  A kobold brigand (D:6)
  4 scorpions
  A water moccasin zombie (D:4)
  10 wights (D:8)
  A bullfrog zombie (D:4)
  3 howler monkeys (D:8)
  2 hounds
  3 bombardier beetles
  6 jellies
  3 orc priests (D:3)
  A gnoll bouda (D:5)
  An orc wizard (D:9)
  Ijyb (D:5)
  2 scorpion zombies (D:4)
  2 hound zombies (D:4)
  A hound skeleton (D:4)
  12 gnolls
  6 adders
  A white imp (D:6)
  2 ufetubi (D:6)
  5 dart slugs
  2 ribbon worms (D:2)
  12 orcs
  3 bats
  6 endoplasms
  A giant cockroach (D:1)
  5 goblins
  3 hobgoblins
  4 jackals
  11 kobolds
  6 quokkas
  7 ball pythons
  2 rats
142 creatures vanquished.

Notes
Turn   | Place    | Note
-------+----------+-------------------------------------------
     0 | D:1      | Ivernyr the Formicid Fighter began the quest for the Orb.
     0 | D:1      | Reached XP level 1. HP: 18/18 MP: 1/1
    81 | D:1      | Reached XP level 2. HP: 16/24 MP: 2/2
   491 | D:1      | Reached XP level 3. HP: 20/29 MP: 3/3
  1431 | D:3      | Reached XP level 4. HP: 37/37 MP: 4/4
  1599 | D:3      | Reached XP level 5. HP: 41/42 MP: 5/5
  1674 | D:3      | Reached skill level 5 in Shields
  1748 | D:3      | Reached XP level 6. HP: 34/49 MP: 6/6
  1919 | D:4      | Found a blossoming altar of Fedhas.
  2190 | D:4      | Found a staircase to the Ecumenical Temple.
  2229 | Temple   | Entered the Ecumenical Temple
  2264 | Temple   | Became a worshipper of Zin the Law-Giver
  2264 | Temple   | Reached * piety under Zin
  2316 | D:4      | Reached skill level 5 in Fighting
  2316 | D:4      | Reached skill level 5 in Armour
  2316 | D:4      | Reached skill level 6 in Shields
  2316 | D:4      | Reached XP level 7. HP: 53/56 MP: 7/7
  2476 | D:4      | Found a sparkling altar of Nemelex Xobeh.
  2778 | D:5      | Entered Level 5 of the Dungeon
  2847 | D:5      | Reached XP level 8. HP: 51/63 MP: 8/8
  2960 | D:5      | Reached ** piety under Zin
  3021 | D:5      | Reached skill level 7 in Shields
  3102 | D:5      | Found a shimmering blue altar of Sif Muna.
  3102 | D:5      | Found a hazy altar of Hepliaklqana.
  3246 | D:5      | Noticed Ijyb
  3251 | D:5      | Killed Ijyb
  3630 | D:6      | Reached skill level 5 in Staves
  3968 | D:6      | Reached skill level 1 in Invocations
  4229 | D:6      | Reached *** piety under Zin
  4363 | D:6      | Reached XP level 9. HP: 54/71 MP: 10/10
  4522 | D:6      | Noticed Sigmund
  4531 | D:6      | Killed Sigmund
  4532 | D:6      | Reached skill level 8 in Shields
  4659 | D:6      | Found a hide-covered altar of Uskayaw.
  4932 | D:7      | Found a sacrificial altar of Ru.
  5832 | D:8      | Found Iplah's Antique Weapon Emporium.
  6136 | D:8      | Reached **** piety under Zin
  6517 | D:8      | Reached skill level 9 in Shields
  6757 | D:8      | Reached XP level 10. HP: 68/79 MP: 13/13
  7224 | D:8      | Found a bloodstained altar of Trog.
  7418 | D:9      | HP: 3/80 [orc priest/divine providence (12)]
  7418 | D:9      | Slain by a vampire

Illustrated notes

Levels and vault maps discovered:
D:1:      dpeg_arrival_houses_and_road, layout_basic, minmay_misc_feat_pillars,
          interstate_on_off, minmay_distorted
D:2:      layout_basic
D:3:      layout_basic
D:4:      layout_loops_ring, overflow_temple_1_default, marbit_many_paths,
          minmay_temple_entry_gardened_gates, serial_undead, serial_undead_c,
          serial_undead_a, serial_undead_c, serial_undead_f, serial_undead_c,
          serial_undead_d
D:5:      layout_loops_ring, nicolae_overflow_two_pavilions, uniq_ijyb
D:6:      nicolae_cairo_tiling_large, layout_cave_pools,
          nicolae_uskayaw_dance_studio, uniq_sigmund
D:7:      layout_gridville, hangedman_ru_absence
D:8:      layout_loops_corners, lightli_temple_of_fire, serial_shops, shop
D:9:      bobbens_index_wilting_gardens, layout_basic,
          mainiacjoe_overflow_chevrons, serial_shops, shop, serial_demonic,
          serial_demonic_b, serial_demonic_b, serial_demonic_b,
          serial_demonic_g, hangedman_fish_farm
Temple:   nicolae_temple_god_jail

Skill      XL: |  1  2  3  4  5  6  7  8  9 |
---------------+----------------------------+-----
Fighting       | 4 5 6 7 |  7.7
Armour         | 4 5 6 7 |  7.7
Staves         | 3 4 5 6 |  6.6
Shields        | 5 6 7 9 |  9.2
Invocations    | 2 4 |  4.8

Action                     |  1- 3 |  4- 6 |  7- 9 | 10-12 || total
---------------------------+-------+-------+-------+-------++-------
  Melee: Quarterstaff      |    86 |    94 |   370 |    64 ||   614
    Use: Potion            |       |       |       |     1 ||     1
 Armour: Scale mail        |    55 |    64 |   271 |    30 ||   420
  Dodge: Dodged            |    42 |    47 |   134 |    19 ||   242
  Block: Buckler           |    17 |    12 |   115 |    18 ||   162

Table legend: (Time is in decaauts)
 A = Elapsed time spent in this place.
 B = Non-inter-level travel time spent in this place.
 C = Inter-level travel time spent in this place.
 D = Time resting spent in this place.
 E = Time spent auto-exploring this place.
 F = Levels seen in this place.
 G = Mean time per level.
                   A        B        C        D        E       F      G
               +--------+--------+--------+--------+--------+-----+--------+
         Total |   7476 |   7239 |    237 |   1145 |   4663 |  10 |  747.6 |
       Dungeon |   7432 |   7195 |    237 |   1145 |   4663 |   9 |  825.8 |
        Temple |     44 |     44 |      0 |      0 |      0 |   1 |   44.0 |
               +--------+--------+--------+--------+--------+-----+--------+

Top non-repeatable levels by time:
     D:7: 1317 daAuts
     D:8: 1283 daAuts
     D:5: 1019 daAuts
     D:6: 963 daAuts
     D:4: 828 daAuts
     D:1: 765 daAuts
     D:3: 603 daAuts
     D:2: 576 daAuts
     D:9: 74 daAuts
  Temple: 44 daAuts
